 Dungeon Crawl Stone Soup version 0.29.1-15-g9cfb28693d (webtiles) character file.

Game seed: 17747017012663794279

28 leafyfresh the Sneak (level 3, -1/26 HPs)
             Began as an Octopode Delver on Feb 24, 2023.
             Slain by a hound (6 damage)
             ... on level 5 of the Dungeon.
             The game lasted 00:00:13 (18 turns).

leafyfresh the Sneak (Octopode Delver)                Turns: 18, Time: 00:00:13

Health: -1/26      AC: -3    Str: 11    XL:     3   Next: 12%
Magic:  3/3        EV: 13    Int: 14    God:
Gold:   0          SH:  0    Dex: 13    Spells: 2/2 levels left

rFire   . . .      SeeInvis .   a - +0 short sword
rCold   . . .      Faith    .   (no shield)
rNeg    . . .      Spirit   .   (helmet restricted)
rPois   .          Reflect  .   (no amulet)
rElec   .          Harm     .   (no ring)
rCorr   .          Rampage  .   (no ring)
Will    .....                   (no ring)
Stlth   +++++.....              (no ring)
HPRegen 0.08/turn               (no ring)
MPRegen 0.08/turn               (no ring)
                                (no ring)
                                (no ring)

@: corroded
A: almost no armour, amphibious, 8 rings, camouflage 1, gelatinous body 1,
(nimble swimmer 1), tentacles
a: no special abilities


You were on level 5 of the Dungeon.
You visited 1 branch of the dungeon, and saw 1 of its levels.

Inventory:

Hand Weapons
 a - a +0 short sword (weapon)
Wands
 f - a wand of digging (3)
Scrolls
 b - a scroll of fog
 c - a scroll of magic mapping
 d - a scroll of fear
Potions
 e - a potion of haste


   Skills:
 - Level 3.0 Fighting
 - Level 2.0 Short Blades
 - Level 2.0 Dodging
 + Level 7.9 Stealth


You had 2 spell levels left.
You didn't know any spells.
Your spell library was empty.

Dungeon Overview and Level Annotations

Branches:
Dungeon (5/15)
 Temple: D:4-7

Altars:


Innate Abilities, Weirdness & Mutations

You cannot wear most types of armour.
You are amphibious.
You can wear up to eight rings at the same time.
Your skin changes colour to match your surroundings (Stealth+).
Your rubbery body absorbs attacks. (AC +1, EV +1)
((You are camouflaged when in or above water. (Stealth+)))
You have tentacles for arms and can constrict up to eight enemies at once.


Message History

Welcome, leafyfresh the Octopode Delver.
Will you be the one to retrieve the sublime Orb of Zot from the depths?
Press ? for a list of commands and other information.
Found a stone staircase leading down.
A hound and a jelly come into view.
There are monsters nearby!
There are monsters nearby!
The helpless jelly fails to defend itself.
You puncture the jelly! The acid corrodes you!
Your tentacles burn!
You squeeze the jelly.
You kill the jelly!
The hound barks!
The hound bites you.
Your Stealth skill increases to level 7!
You have reached level 2!
You have reached level 3!
Your experience leads to an increase in your attributes!
Increase (S)trength, (I)ntelligence, or (D)exterity?
You feel clever. x2
Unknown command.
You hit the hound but do no damage. Your grab misses the hound.
The hound bites you.
You hit the hound but do no damage. Your grab misses the hound.
You squeeze the hound.
The hound is moderately wounded.
The hound closely misses you. The hound barely misses you.
You hit the hound but do no damage. Your grab misses the hound.
The hound is moderately wounded.
The hound misses you.
You completely miss the hound. You grab the hound.
The hound is moderately wounded.
You constrict the hound. The hound bites you.
* * * LOW HITPOINT WARNING * * *
The hound bites you.
You die...

.....###.....
............
#...........
##...........
#.#............
#.#............
#.#............
#.#....@h......
#.#..#.........
#.#..#.####....
#.#..#.#### ...
#.#..#....+ .
#.......###
#.####......#
#...........#
....####......#


You could see a hound.

Vanquished Creatures
  A jelly (D:5)
1 creature vanquished.

Notes
Turn   | Place    | Note
-------+----------+-------------------------------------------
     0 | D:5      | leafyfresh the Octopode Delver began the quest for the Orb.
     0 | D:5      | Reached XP level 1. HP: 16/16 MP: 1/1
    10 | D:5      | Noticed a hound
    10 | D:5      | Noticed a jelly
    14 | D:5      | Killed a jelly
    15 | D:5      | Reached skill level 7 in Stealth
    15 | D:5      | Reached XP level 2. HP: 10/21 MP: 2/2
    15 | D:5      | Reached XP level 3. HP: 12/26 MP: 3/3
    18 | D:5      | Slain by a hound

Illustrated notes

Levels and vault maps discovered:
D:5:      layout_basic, chequers_serial_rivers_small_3, serial_bayou_crossing

Skill      XL: |  1 |
---------------+----+-----
Stealth        | 7 |  7.9
Fighting       | |  3.0
Short Blades   | |  2.0
Dodging        | |  2.0

Action                   || total
-------------------------++-------
Melee: Short sword       ||     5
       Tentacles         ||     2
       Constrict         ||     1
 Stab: Sleeping          ||     1
Dodge: Dodged            ||     3
